[Event "ICC tourney 2514 (60 10)"]
[Site "Internet Chess Club"]
[Date "2021.04.17"]
[Round "3"]
[White "NETI, ADARSH:PearPower"]
[Black "SHARMA, ABDD:catseyenebula"]
[Result "0-1"]
[ICCResult "White resigns"]
[WhiteElo "1290"]
[BlackElo "1422"]
[Opening "French: exchange variation"]
[ECO "C01"]
[NIC "FR.01"]
[Time "16:31:43"]
[PlyCount "64"]
[TimeControl "3600+10"]

1. e4 e6 2. d4 d5 3. exd5 exd5 4. Nc3 Nf6 5. Nf3 Bg4 6. Be2 c6 7. Ne5 Bxe2
8. Qxe2 Be7 9. O-O O-O 10. Re1 Re8 11. Qf3 Nbd7 12. Bf4 Qb6 13. Bg5 Nxe5
14. dxe5 Nd7 15. Bc1 Bc5 16. Na4 Qb4 17. Nc3 d4 18. a3 Nxe5 19. Qd1 Qc4 20.
Ne4 d3 21. Nxc5 dxc2 22. Qd2 Qxc5 23. b4 Qd5 24. Qxd5 cxd5 25. Kf1 d4 26.
Bb2 d3 27. Bc3 Nc4 28. Rec1 Rad8 29. Re1 d2 30. Rxe8+ Rxe8 31. Bxd2 Nxd2+
32. Kg1 Nb3 { White resigns } 0-1

[Event "ICC tourney 2514 (60 10)"]
[Site "Internet Chess Club"]
[Date "2021.04.18"]
[Round "4"]
[White "Nori, YOGA KAUSTHUBHA KRISHNA:Harithaananth"]
[Black "EISENBERG, LINUS NGUYEN:PrimusInvin"]
[Result "1-0"]
[ICCResult "Black resigns"]
[WhiteElo "1018"]
[BlackElo "1361"]
[Opening "Sicilian: Labourdonnais-Löwenthal variation"]
[ECO "B32"]
[NIC "SI.32"]
[Time "10:00:41"]
[PlyCount "123"]
[TimeControl "3600+10"]

1. e4 c5 2. Nf3 Nc6 3. d4 cxd4 4. Nxd4 e5 5. Nxc6 dxc6 6. Nc3 Qxd1+ 7. Nxd1
Nf6 8. Nc3 Bb4 9. Bd3 Be6 10. Bd2 O-O 11. O-O Rfd8 12. a3 Ba5 13. b4 Bb6
14. Be3 Bxe3 15. fxe3 Ng4 16. Rfe1 Rd7 17. h3 Nf6 18. Na4 b6 19. Nb2 Rad8
20. Rad1 Ne8 21. Be2 Rxd1 22. Rxd1 Rxd1+ 23. Nxd1 Nc7 24. c3 Nb5 25. a4 Nc7
26. Nb2 b5 27. axb5 cxb5 28. c4 bxc4 29. Bxc4 Bxc4 30. Nxc4 f6 31. Na5 Nb5
32. Kf2 Nc3 33. Kf3 a6 34. Kf2 Kf7 35. Ke1 Nxe4 36. Nc6 Ke6 37. Nb8 Kd6 38.
Nxa6 Nc3 39. Kf2 Kc6 40. Nb8+ Kb5 41. Nd7 Kxb4 42. Nf8 h6 43. Ne6 g6 44.
Nf8 g5 45. Nh7 Ne4+ 46. Kf3 f5 47. Nf8 h5 48. Ng6 g4+ 49. hxg4 hxg4+ 50.
Ke2 Nc3+ 51. Kd3 e4+ 52. Kd4 Nd1 53. Nh4 Nf2 54. Nxf5 Kb3 55. Nd6 Kc2 56.
Nxe4 Nxe4 57. Kxe4 Kd2 58. Kf4 Ke2 59. Kxg4 Kxe3 60. Kf5 Kf2 61. g4 Kf3 62.
g5 { Black resigns } 1-0

[Event "ICC tourney 2514 (60 10)"]
[Site "Internet Chess Club"]
[Date "2021.04.18"]
[Round "4"]
[White "LUO, OLIVER:BadChessNotGood"]
[Black "GALVEZ, TIARA:Firephionex23"]
[Result "1-0"]
[ICCResult "Black checkmated"]
[WhiteElo "596"]
[BlackElo "1367"]
[Opening "QGD: Ragozin variation"]
[ECO "D38"]
[NIC "NI.27"]
[Time "10:00:47"]
[PlyCount "93"]
[TimeControl "3600+10"]

1. Nf3 d5 2. c4 Nf6 3. d4 e6 4. Nc3 Bb4 5. Qa4+ Nc6 6. a3 Bxc3+ 7. bxc3 Bd7
8. cxd5 exd5 9. Bg5 O-O 10. e3 h6 11. Bh4 Re8 12. Qc2 Re6 13. c4 dxc4 14.
Bxc4 Rd6 15. O-O Be6 16. Bd3 Bg4 17. Nd2 Qe8 18. Rab1 Rb8 19. h3 Bd7 20.
Nc4 Rd5 21. Bxf6 gxf6 22. Be4 Rg5 23. f4 Rg7 24. d5 Ne7 25. d6 cxd6 26.
Nxd6 Qd8 27. Rfd1 Bxh3 28. Nf5 Qf8 29. Nxg7 Qxg7 30. Qc7 Re8 31. Rd8 Qf8
32. Rxe8 Qxe8 33. gxh3 Qf8 34. Rxb7 Qg7+ 35. Kf2 Ng6 36. Rb8+ Kh7 37. h4 h5
38. Rb7 Kg8 39. Qc8+ Kh7 40. Qc7 Kg8 41. Bxg6 Qxg6 42. Qc8+ Kg7 43. Rb8 Qh7
44. Qf8+ Kg6 45. Rb1 Kf5 46. Rb5+ Kg6 47. f5# { Black checkmated } 1-0

[Event "ICC tourney 2514 (60 10)"]
[Site "Internet Chess Club"]
[Date "2021.04.18"]
[Round "4"]
[White "JAVIER, JERICK:Jerickjavier18"]
[Black "PIMANOFF, THEODORE V:Harshcrocodile"]
[Result "1-0"]
[ICCResult "Black checkmated"]
[WhiteElo "1328"]
[BlackElo "1110"]
[Opening "Scotch game"]
[ECO "C45"]
[NIC "SO.05"]
[Time "10:01:40"]
[PlyCount "39"]
[TimeControl "3600+10"]

1. e4 e5 2. Nf3 Nc6 3. d4 exd4 4. Nxd4 Bc5 5. Nxc6 bxc6 6. Bc4 d6 7. Qf3
Nf6 8. O-O Be6 9. Bxe6 fxe6 10. e5 Nd7 11. exd6 cxd6 12. Nd2 Qf6 13. Qxc6
Rd8 14. Ne4 Qd4 15. Bg5 Rb8 16. Rad1 Qe5 17. Rxd6 Bxd6 18. Nxd6+ Kf8 19.
Qxd7 h6 20. Qf7# { Black checkmated } 1-0

[Event "ICC tourney 2514 (60 10)"]
[Site "Internet Chess Club"]
[Date "2021.04.18"]
[Round "4"]
[White "CARMINA, JONATHAN:temporarydanger"]
[Black "Chin, Matthew:mhchin"]
[Result "0-1"]
[ICCResult "White checkmated"]
[WhiteElo "1090"]
[BlackElo "1264"]
[Opening "French: advance, Paulsen attack"]
[ECO "C02"]
[NIC "FR.03"]
[Time "10:00:33"]
[PlyCount "98"]
[TimeControl "3600+10"]

1. e4 e6 2. d4 d5 3. e5 c5 4. c3 Nc6 5. Nf3 Qb6 6. Be3 cxd4 7. Nxd4 Bc5 8.
Qd2 Nge7 9. Nb3 Bxe3 10. fxe3 Nf5 11. Ke2 O-O 12. Nd4 Nxe5 13. g4 Nxd4+ 14.
exd4 Ng6 15. h4 e5 16. h5 Bxg4+ 17. Ke1 Nf4 18. dxe5 Nxh5 19. Rg1 Qxg1 20.
Qg5 Qg3+ 21. Kd2 Qf2+ 22. Kc1 Qe1+ 23. Kc2 Bd1+ 24. Kd3 Qxf1+ 25. Ke3 Qe2+
26. Kd4 Qc4+ 27. Ke3 Qe4+ 28. Kf2 Qe2+ 29. Kg1 Qg4+ 30. Qxg4 Bxg4 31. Nd2
Rfe8 32. Re1 f6 33. c4 dxc4 34. Nxc4 b5 35. Ne3 Rxe5 36. Kf2 Rae8 37. Ng2
Rxe1 38. Nxe1 Re2+ 39. Kf1 Ng3+ 40. Kg1 Rxe1+ 41. Kg2 Ne4 42. b3 Re2+ 43.
Kf1 Nd2+ 44. Kg1 f5 45. a4 f4 46. axb5 f3 47. b6 axb6 48. b4 f2+ 49. Kh1
f1=R# { White checkmated } 0-1

[Event "ICC tourney 2514 (60 10)"]
[Site "Internet Chess Club"]
[Date "2021.04.18"]
[Round "4"]
[White "BENCOSME LEE, SUBI BELIN:SAHYMS-Subi"]
[Black "OSMOND, AVA ROSE:avaosmond"]
[Result "1-0"]
[ICCResult "Black checkmated"]
[WhiteElo "1103"]
[BlackElo "1277"]
[Opening "English: Carls' Bremen system"]
[ECO "A22"]
[NIC "EO.10"]
[Time "10:00:48"]
[PlyCount "73"]
[TimeControl "3600+10"]

1. c4 e5 2. Nc3 Nf6 3. g3 Nc6 4. Bg2 Bc5 5. e3 O-O 6. Nge2 d6 7. O-O Be6 8.
d4 exd4 9. exd4 Bb6 10. d5 Bg4 11. dxc6 bxc6 12. Bxc6 Rb8 13. Bg2 Re8 14.
Bg5 Bxe2 15. Nxe2 Re6 16. Nf4 Re5 17. h4 h6 18. Bxf6 Qxf6 19. Nd5 Qd8 20.
Nxb6 axb6 21. Rc1 b5 22. cxb5 Rbxb5 23. b3 c5 24. Re1 Rxe1+ 25. Qxe1 Ra5
26. Qd1 Rxa2 27. Rxc5 Qf6 28. Rc8+ Kh7 29. Qb1+ g6 30. Qxa2 d5 31. Bxd5 Qf5
32. Rd8 h5 33. b4 Qg4 34. Qb3 g5 35. Qd3+ f5 36. Rd7+ Kg6 37. Qa6# { Black
checkmated } 1-0

[Event "ICC tourney 2514 (60 10)"]
[Site "Internet Chess Club"]
[Date "2021.04.18"]
[Round "4"]
[White "BENCOSME-LEE, GABE:SAHY-Gabe"]
[Black "HELLER, RICHIE:RichieHeller"]
[Result "1-0"]
[ICCResult "Black checkmated"]
[WhiteElo "1394"]
[BlackElo "989"]
[Opening "English: Carls' Bremen system"]
[ECO "A22"]
[NIC "EO.10"]
[Time "10:00:42"]
[PlyCount "89"]
[TimeControl "3600+10"]

1. c4 e5 2. Nc3 Nf6 3. g3 Nc6 4. Bg2 Bc5 5. e3 O-O 6. Nge2 d6 7. O-O Be6 8.
b3 Rb8 9. d4 Bb4 10. d5 Bxc3 11. Nxc3 Bf5 12. dxc6 bxc6 13. Bxc6 e4 14. Bb2
Bg4 15. Qd4 Bf3 16. Nxe4 Bxe4 17. Bxe4 c5 18. Qc3 Re8 19. Bc6 Re5 20. Qd3
Rh5 21. h4 Qc8 22. Bf3 Rh6 23. Bc1 Rg6 24. Re1 Qh3 25. Bg2 Qg4 26. e4 Re8
27. Bb2 Rh6 28. e5 dxe5 29. Bxe5 Qc8 30. Bxf6 Rxf6 31. Bb7 Qb8 32. Qd7 Rfe6
33. Rxe6 Rxe6 34. Rd1 Re8 35. Bd5 Rf8 36. Re1 g6 37. Bc6 Qb4 38. Re8 Rxe8
39. Qxe8+ Kg7 40. Qe5+ Kg8 41. Bd5 Qa3 42. Qe8+ Kg7 43. Qxf7+ Kh6 44. Qf8+
Kh5 45. Bf3# { Black checkmated } 1-0

[Event "ICC tourney 2514 (60 10)"]
[Site "Internet Chess Club"]
[Date "2021.04.18"]
[Round "4"]
[White "AMBATI, JASWANT REDDY:AJRChess2011"]
[Black "MOGUEL, IXOYE:IxoyeMoguelLara"]
[Result "1/2-1/2"]
[ICCResult "Game drawn because neither player has mating material"]
[WhiteElo "1470"]
[BlackElo "1382"]
[Opening "Sicilian"]
[ECO "B56"]
[NIC "SI.25"]
[Time "10:01:48"]
[PlyCount "140"]
[TimeControl "3600+10"]

1. e4 c5 2. Nf3 d6 3. d4 cxd4 4. Nxd4 Nf6 5. Nc3 Nc6 6. Bb5 Bd7 7. O-O g6
8. Be3 Bg7 9. f3 O-O 10. Qd2 Nxd4 11. Bxd4 Bxb5 12. Nxb5 a6 13. Nc3 b5 14.
Be3 Rc8 15. a4 b4 16. Na2 a5 17. Rad1 Qd7 18. b3 Qc7 19. Rc1 Qb7 20. c3
bxc3 21. Rxc3 Rxc3 22. Nxc3 Qxb3 23. Rb1 Qa3 24. Qc1 Qxc1+ 25. Bxc1 Rc8 26.
Bd2 Nd7 27. Nd5 Rc4 28. Nxe7+ Kf8 29. Nd5 Bd4+ 30. Kf1 Rxa4 31. Rb7 Ra2 32.
Bh6+ Ke8 33. Be3 Bxe3 34. Nxe3 a4 35. Ra7 Ne5 36. Nd5 a3 37. Nc3 Ra1+ 38.
Kf2 Nc6 39. Ra6 Kd7 40. Ra4 Ne5 41. Nb5 a2 42. Nc3 Nd3+ 43. Kg3 f5 44. exf5
gxf5 45. Nxa2 Nc5 46. Ra7+ Ke6 47. Ra3 Ke5 48. Ra5 Kd4 49. Kf4 d5 50. Ra3
Nd3+ 51. Kxf5 Ne1 52. Nc3 Rxa3 53. Nb5+ Ke3 54. Nxa3 d4 55. Nc4+ Kd3 56.
Ne5+ Kc3 57. g4 d3 58. Nxd3 Kxd3 59. f4 Ke3 60. h4 Nf3 61. h5 Nd4+ 62. Ke5
Nf3+ 63. Kf5 Nd4+ 64. Kg5 Ne6+ 65. Kf5 Nxf4 66. Kg5 Kf3 67. Kf5 Nd5 68. g5
Nf4 69. g6 hxg6+ 70. hxg6 Nxg6 { Game drawn because neither player has
mating material } 1/2-1/2

[Event "ICC tourney 2514 (60 10)"]
[Site "Internet Chess Club"]
[Date "2021.04.18"]
[Round "4"]
[White "Tsuboyama, Kai:kgtkgt2010"]
[Black "MARISWARAN, SHASHVAT:sassymareese"]
[Result "0-1"]
[ICCResult "White checkmated"]
[WhiteElo "1298"]
[BlackElo "1429"]
[Opening "Giuoco Piano: Möller (Therkatz) attack"]
[ECO "C54"]
[NIC "IG.02"]
[Time "10:00:43"]
[PlyCount "108"]
[TimeControl "3600+10"]

1. e4 e5 2. Nf3 Nc6 3. Bc4 Bc5 4. c3 Nf6 5. d4 exd4 6. cxd4 Bb4+ 7. Nc3
Nxe4 8. O-O Bxc3 9. d5 Ne5 10. bxc3 Nxc4 11. Qd4 Qe7 12. Qxc4 O-O 13. Re1
f5 14. d6+ Qf7 15. Qxf7+ Rxf7 16. dxc7 d6 17. Nd2 d5 18. Nxe4 dxe4 19. Bf4
g5 20. Bxg5 Rxc7 21. Rac1 Rg7 22. Bf4 Be6 23. f3 Bd5 24. c4 Bc6 25. fxe4
Bxe4 26. g3 h5 27. h4 Rc8 28. Red1 Rg6 29. Rd6 Rxd6 30. Bxd6 Kf7 31. Bf4
Ke6 32. Kf2 Bd3 33. c5 Kd5 34. Bd6 b6 35. Ke3 bxc5 36. Kxd3 Kxd6 37. Ke3
Rg8 38. Kf4 Rg4+ 39. Kxf5 Rxg3 40. Rc2 Rg4 41. Rh2 c4 42. Rh3 Kd5 43. Ra3
Rxh4 44. Rxa7 c3 45. Rc7 Rc4 46. Rd7+ Kc6 47. Rd1 c2 48. Rc1 h4 49. a4 h3
50. a5 h2 51. a6 h1=Q 52. Rxh1 c1=Q 53. a7 Qf4+ 54. Ke6 Re4# { White
checkmated } 0-1

[Event "ICC tourney 2514 (60 10)"]
[Site "Internet Chess Club"]
[Date "2021.04.18"]
[Round "4"]
[White "DOGRA, DIVIJ SINGH:divijdogra"]
[Black "LAY, ARTIS:al68067"]
[Result "1/2-1/2"]
[ICCResult "White stalemated"]
[WhiteElo "1237"]
[BlackElo "1273"]
[Opening "Queen's pawn, Mason variation"]
[ECO "D00"]
[NIC "QP.08"]
[Time "10:03:08"]
[PlyCount "160"]
[TimeControl "3600+10"]

1. d4 d5 2. Bf4 Bf5 3. Nf3 Nf6 4. e3 e6 5. Bd3 Bg6 6. c3 c5 7. Qc2 Bxd3 8.
Qxd3 c4 9. Qc2 Nc6 10. Nbd2 Bd6 11. Bxd6 Qxd6 12. O-O O-O 13. Rfe1 b5 14.
e4 dxe4 15. Nxe4 Nxe4 16. Rxe4 Ne7 17. Rae1 Ng6 18. Ne5 Nxe5 19. Rxe5 Rab8
20. Rc5 Rfc8 21. Rxc8+ Rxc8 22. Re5 Rb8 23. b3 cxb3 24. Qxb3 b4 25. g3 bxc3
26. Qxc3 h6 27. Qc5 Qa6 28. Qa5 Rb1+ 29. Kg2 Qf1+ 30. Kf3 Qd3+ 31. Re3 Qxd4
32. Qe5 Qxe5 33. Rxe5 Rb7 34. Ra5 Kf8 35. Ke4 Ke7 36. f4 Rc7 37. a4 g6 38.
Kd4 f6 39. g4 g5 40. fxg5 hxg5 41. h3 Kf7 42. Ra6 Ke7 43. Ra5 Kd7 44. Ra6
Ke7 45. Ra5 Kf7 46. Ra6 e5+ 47. Ke4 Rd7 48. Kf5 Rd3 49. Rxf6+ Kg7 50. Rg6+
Kf7 51. Rxg5 Rxh3 52. Kxe5 Ra3 53. Rf5+ Kg6 54. Rf4 Kg5 55. Rb4 a5 56. Rc4
Rg3 57. Kd5 Rb3 58. Kc5 Rb2 59. Kc6 Rb3 60. Rc5+ Kxg4 61. Rxa5 Ra3 62. Kb5
Kf4 63. Kb4 Re3 64. Rc5 Re1 65. Rc4+ Ke5 66. Kb5 Rb1+ 67. Ka6 Kd5 68. Rc2
Rb4 69. a5 Rb3 70. Ka7 Kd6 71. a6 Kd7 72. Rc5 Rb2 73. Rd5+ Kc7 74. Rg5 Rc2
75. Rb5 Rc6 76. Rb7+ Kc8 77. Rh7 Rc7+ 78. Rxc7+ Kxc7 79. Ka8 Kc8 80. a7 Kc7
{ White stalemated } 1/2-1/2

[Event "ICC tourney 2514 (60 10)"]
[Site "Internet Chess Club"]
[Date "2021.04.18"]
[Round "4"]
[White "PATEL, SOHAM:SPBrain"]
[Black "SOOD, MANASVIN:kushood"]
[Result "1-0"]
[ICCResult "Black resigns"]
[WhiteElo "1248"]
[BlackElo "1402"]
[Opening "French: advance, Paulsen attack"]
[ECO "C02"]
[NIC "FR.03"]
[Time "10:01:28"]
[PlyCount "29"]
[TimeControl "3600+10"]

1. e4 e6 2. d4 d5 3. e5 c5 4. c3 Nc6 5. Nf3 Qb6 6. b3 cxd4 7. cxd4 Nge7 8.
Be3 Nf5 9. Bd3 Nxe3 10. fxe3 Bd7 11. O-O Rc8 12. Ng5 Nd8 13. Qf3 h6 14.
Nxf7 Qc7 15. Nxh8 { Black resigns } 1-0

[Event "ICC tourney 2514 (60 10)"]
[Site "Internet Chess Club"]
[Date "2021.04.18"]
[Round "4"]
[White "AYYAPPAN, ANUSHKA:Anushkaa"]
[Black "KUMAR, SUHANA:SuhanaK"]
[Result "1-0"]
[ICCResult "Black checkmated"]
[WhiteElo "1303"]
[BlackElo "1255"]
[Opening "Caro-Kann: exchange variation"]
[ECO "B13"]
[NIC "CK.02"]
[Time "10:00:34"]
[PlyCount "41"]
[TimeControl "3600+10"]

1. e4 c6 2. d4 d5 3. exd5 cxd5 4. Nf3 Nc6 5. Nc3 Nf6 6. Bf4 Bg4 7. Be3 Qb6
8. Bb5 Rc8 9. h3 Bh5 10. b3 Ne4 11. Bxc6+ Qxc6 12. Nxe4 Bxf3 13. Qxf3 dxe4
14. Qf4 Qc3+ 15. Ke2 Qxc2+ 16. Bd2 Qd3+ 17. Ke1 Qxd4 18. Rd1 e6 19. Ba5 Qc5
20. Qd2 b6 21. Qd7# { Black checkmated } 1-0

[Event "ICC tourney 2514 (60 10)"]
[Site "Internet Chess Club"]
[Date "2021.04.18"]
[Round "4"]
[White "STRIFF-CAVE, ETHAN CONOR:escape18"]
[Black "BABENKO, ARIEL:ArielB"]
[Result "1-0"]
[ICCResult "Black checkmated"]
[WhiteElo "1331"]
[BlackElo "1112"]
[Opening "Queen's bishop game"]
[ECO "D00"]
[NIC "QP.08"]
[Time "10:01:07"]
[PlyCount "77"]
[TimeControl "3600+10"]

1. d4 d5 2. Bf4 Nf6 3. Nf3 g6 4. Nc3 Bg7 5. e3 O-O 6. h3 b6 7. Bb5 Bb7 8.
O-O a6 9. Bd3 Nbd7 10. Qe2 c5 11. b3 b5 12. Qe1 Ne4 13. a4 Qa5 14. Nxd5
Qxe1 15. Nxe7+ Kh8 16. Rfxe1 Rfe8 17. axb5 Rxe7 18. bxa6 Bc6 19. a7 Nb6 20.
Ra6 Rb7 21. Ne5 Bxe5 22. Bxe5+ Kg8 23. f3 f6 24. Bb8 cxd4 25. fxe4 dxe3 26.
Rxe3 Be8 27. Bc4+ Kg7 28. Bd5 Nxd5 29. exd5 Bb5 30. Rae6 Kf7 31. c4 Bd7 32.
Re7+ Kg8 33. c5 Bc8 34. Re8+ Kf7 35. Rxc8 Raxa7 36. Bxa7 Rxa7 37. d6 Ra1+
38. Kh2 Rd1 39. Re7# { Black checkmated } 1-0

[Event "ICC tourney 2514 (60 10)"]
[Site "Internet Chess Club"]
[Date "2021.04.18"]
[Round "4"]
[White "SHARMA, ABDD:catseyenebula"]
[Black "PODDUTURI, AASHRITH:chessprogidy"]
[Result "1-0"]
[ICCResult "Black resigns"]
[WhiteElo "1422"]
[BlackElo "1378"]
[Opening "English: symmetrical variation"]
[ECO "A30"]
[NIC "EO.64"]
[Time "10:00:37"]
[PlyCount "31"]
[TimeControl "3600+10"]

1. c4 c5 2. Nf3 d6 3. g3 Nf6 4. Bg2 g6 5. O-O Bg7 6. Nc3 O-O 7. e3 Nc6 8.
d4 cxd4 9. Nxd4 Bd7 10. a3 Qb6 11. Re1 Rac8 12. b3 Nh5 13. Bb2 Nxd4 14.
exd4 Bxd4 15. Nd5 Bxf2+ 16. Kh1 { Black resigns } 1-0

[Event "ICC tourney 2514 (60 10)"]
[Site "Internet Chess Club"]
[Date "2021.04.18"]
[Round "4"]
[White "BETANCES, NOAH-ALEXANDER:HYNoahAlexaderB"]
[Black "Ho, Joshua:AutomaticCougar"]
[Result "1-0"]
[ICCResult "Black checkmated"]
[WhiteElo "1023"]
[BlackElo "1334"]
[Opening "English: symmetrical variation"]
[ECO "A30"]
[NIC "EO.64"]
[Time "10:00:50"]
[PlyCount "81"]
[TimeControl "3600+10"]

1. c4 c5 2. g3 d6 3. Bg2 Nf6 4. Nc3 e6 5. d3 Be7 6. Nf3 O-O 7. O-O Nc6 8.
Bg5 Bd7 9. Qd2 a6 10. a3 Qc7 11. Na2 Rab8 12. Rab1 b5 13. b4 bxc4 14. dxc4
cxb4 15. axb4 Rfd8 16. Nc3 Ne5 17. Nxe5 dxe5 18. Qa2 h6 19. Bxf6 Bxf6 20.
b5 axb5 21. cxb5 Qxc3 22. b6 Qc5 23. Qa7 Bg5 24. Qc7 Qe7 25. Ra1 Rdc8 26.
Qa7 Qd6 27. b7 Rd8 28. Rfd1 Qc7 29. e3 e4 30. Bxe4 f5 31. Rac1 Bc6 32.
Rxd8+ Rxd8 33. Rxc6 Qb8 34. Qxb8 Rxb8 35. Rc8+ Rxc8 36. bxc8=Q+ Kf7 37.
Qd7+ Kg6 38. Qe8+ Kh7 39. Bf3 e5 40. Bh5 f4 41. Bg6# { Black checkmated }
1-0

[Event "ICC tourney 2514 (60 10)"]
[Site "Internet Chess Club"]
[Date "2021.04.18"]
[Round "4"]
[White "NANGIA, OM:MateON123"]
[Black "MANE, ARNAV KISHOR:georgianknight"]
[Result "0-1"]
[ICCResult "White checkmated"]
[WhiteElo "1122"]
[BlackElo "1226"]
[Opening "Sicilian: Najdorf"]
[ECO "B90"]
[NIC "SI.14"]
[Time "10:00:34"]
[PlyCount "84"]
[TimeControl "3600+10"]

1. e4 c5 2. Nf3 d6 3. d4 cxd4 4. Nxd4 Nf6 5. Nc3 a6 6. a4 e6 7. Be2 b6 8.
O-O Bb7 9. f3 Nbd7 10. Be3 Be7 11. Bd3 O-O 12. f4 Nc5 13. e5 dxe5 14. fxe5
Nd5 15. Nxd5 Qxd5 16. Nf3 Nxd3 17. cxd3 b5 18. axb5 Qxb5 19. Rb1 Bxf3 20.
Rxf3 Qxe5 21. d4 Qb5 22. Rh3 Rab8 23. Rh5 Qb3 24. Qxb3 Rxb3 25. Bc1 Rfb8
26. Ra5 Bf6 27. Rxa6 Bxd4+ 28. Kf1 h6 29. Ra2 Rc8 30. Ra4 e5 31. Ke1 Rc2
32. Kf1 Rf2+ 33. Kg1 Rfxb2+ 34. Rxd4 Rxb1 35. Rd8+ Kh7 36. Rc8 Ra1 37. Kf2
Ra2+ 38. Kf1 Rd3 39. Ke1 Rxg2 40. Kf1 Rxh2 41. Kg1 Ra2 42. Kf1 Rd1# { White
checkmated } 0-1

[Event "ICC tourney 2514 (60 10)"]
[Site "Internet Chess Club"]
[Date "2021.04.18"]
[Round "4"]
[White "CARR, EVAN YE:Evanthegreatest"]
[Black "NETI, ADARSH:PearPower"]
[Result "1-0"]
[ICCResult "Black checkmated"]
[WhiteElo "1257"]
[BlackElo "1290"]
[Opening "Giuoco Pianissimo: Italian four knights variation"]
[ECO "C55"]
[NIC "IG.01"]
[Time "10:07:09"]
[PlyCount "49"]
[TimeControl "3600+10"]

1. e4 e5 2. Nf3 Nc6 3. Bc4 Nf6 4. Nc3 Bc5 5. d3 h6 6. O-O O-O 7. h3 d6 8.
Nd5 Be6 9. c3 Bxd5 10. exd5 Ne7 11. d4 exd4 12. Nxd4 Nexd5 13. Re1 Re8 14.
Rxe8+ Qxe8 15. Bd2 Nb6 16. Bb3 Nbd7 17. Bc2 Ne5 18. Nf5 Nc4 19. Bxh6 gxh6
20. b4 Bb6 21. Qc1 Qe2 22. Qxh6 Nh5 23. Ne7+ Qxe7 24. Qh7+ Kf8 25. Qh8# {
Black checkmated } 1-0

[Event "ICC tourney 2514 (60 10)"]
[Site "Internet Chess Club"]
[Date "2021.04.18"]
[Round "4"]
[White "Jaichand, Rishab:rjaichand"]
[Black "Vesval, Thomas:Goofymammoth"]
[Result "1/2-1/2"]
[ICCResult "Game drawn by repetition"]
[WhiteElo "1188"]
[BlackElo "1268"]
[Opening "Sicilian: Alapin's variation (2.c3)"]
[ECO "B22"]
[NIC "SI.46"]
[Time "10:00:35"]
[PlyCount "122"]
[TimeControl "3600+10"]

1. e4 c5 2. c3 Nc6 3. d4 cxd4 4. cxd4 Nf6 5. d5 Ne5 6. f4 Ng6 7. e5 Qa5+ 8.
Nc3 Ne4 9. Bd2 Nxd2 10. Qxd2 b6 11. Nf3 Bb7 12. f5 Nxe5 13. Nxe5 Rc8 14.
Bd3 Bxd5 15. Bb5 Rc5 16. Bxd7+ Kd8 17. Nxf7+ Kxd7 18. Nxh8 g6 19. fxg6 Bg7
20. Nf7 Rxc3 21. O-O Qc5+ 22. Kh1 Rc2 23. Qd3 Rxg2 24. Rf3 Rxb2 25. Rd1 e6
26. Qa6 Rxh2+ 27. Kxh2 Qc2+ 28. Kg3 Qxd1 29. Qxa7+ Kc6 30. Nd8+ Kc5 31.
Qe7+ Kb5 32. Qd7+ Kc4 33. Qc7+ Kb5 34. Qd7+ Kc4 35. Qc7+ Kb5 36. a4+ Kxa4
37. Rf4+ Ka3 38. Qa7+ Kb2 39. Qxb6+ Ka1 40. Qa5+ Kb1 41. Qb5+ Kc2 42. Qa4+
Bb3 43. Rf2+ Kb1 44. Qe4+ Ka1 45. Nc6 Bd5 46. Qe2 Qg1+ 47. Kh3 Qh1+ 48. Rh2
Qc1 49. Qa6+ Kb1 50. Qb5+ Ka1 51. Qa4+ Kb1 52. Qb4+ Ka1 53. Qa4+ Kb1 54.
Qb4+ Ka1 55. Qa4+ Kb1 56. Qb4+ Ka1 57. Qa4+ Kb1 58. Qb4+ Ka1 59. Qa4+ Kb1
60. Qb4+ Ka1 61. Qa4+ Kb1 { Game drawn by repetition } 1/2-1/2

[Event "ICC tourney 2514 (60 10)"]
[Site "Internet Chess Club"]
[Date "2021.04.18"]
[Round "4"]
[White "Smith, Graham Bradley:Smittyboy13"]
[Black "MARTINEZ, EMILEO ENRIQUE:Gaku398973"]
[Result "1-0"]
[ICCResult "Black checkmated"]
[WhiteElo "786"]
[BlackElo "1310"]
[Opening "QGD: Harrwitz attack"]
[ECO "D35"]
[NIC "QO.16"]
[Time "10:00:45"]
[PlyCount "67"]
[TimeControl "3600+10"]

1. d4 d5 2. c4 e6 3. Nc3 Nf6 4. Bf4 Be7 5. e3 O-O 6. cxd5 exd5 7. Bd3 b6 8.
Nf3 Bb7 9. Rc1 Nbd7 10. O-O c5 11. Re1 c4 12. Bc2 Re8 13. Ba4 Bb4 14. a3
Bxc3 15. bxc3 Nh5 16. Be5 Re6 17. Ng5 Rh6 18. Nf3 f6 19. Bf4 Nxf4 20. exf4
Qc7 21. Qe2 Bc6 22. Qe6+ Kh8 23. Qxc6 Qb8 24. Qxd7 Rg6 25. Bc6 h6 26. Bxa8
Qxf4 27. Bxd5 Rg4 28. g3 a5 29. Qe8+ Kh7 30. Qg8+ Kg6 31. Bf7+ Kf5 32. Qh7+
g6 33. Nh4+ Rxh4 34. Qxg6# { Black checkmated } 1-0

[Event "ICC tourney 2514 (60 10)"]
[Site "Internet Chess Club"]
[Date "2021.04.18"]
[Round "4"]
[White "BELOBROVKA, ARIELLE:ariellezbel"]
[Black "HERNANDEZ, DAMION:SAEpicDH"]
[Result "0-1"]
[ICCResult "White checkmated"]
[WhiteElo "1338"]
[BlackElo "1270"]
[Opening "Sicilian defense"]
[ECO "B32"]
[NIC "SI.32"]
[Time "10:01:13"]
[PlyCount "122"]
[TimeControl "3600+10"]

1. e4 c5 2. Nf3 Nc6 3. d4 cxd4 4. Nxd4 d6 5. Be3 Nf6 6. Nc3 g6 7. h3 Bg7 8.
Be2 Qa5 9. O-O a6 10. a3 Bd7 11. b4 Qc7 12. Qd2 O-O 13. b5 Nxd4 14. Bxd4
axb5 15. Bxb5 Nxe4 16. Nxe4 Bxb5 17. Bxg7 Kxg7 18. Rfe1 Rfe8 19. Qd4+ Kg8
20. c3 Qc4 21. Qxc4 Bxc4 22. Reb1 Bd3 23. Re1 Bxe4 24. Rxe4 Rac8 25. Rb4
Rc7 26. c4 Ra8 27. Kf1 Kg7 28. Ke2 Kf6 29. Kd3 e5 30. Ke4 Ke6 31. a4 f5+
32. Kd3 Rd8 33. Rb6 Rdc8 34. Rc1 Ra8 35. Ra1 Ra6 36. Rxa6 bxa6 37. Rb1 Kd7
38. Rb6 Rc6 39. Rb7+ Rc7 40. Rxc7+ Kxc7 41. g4 fxg4 42. hxg4 h5 43. gxh5
gxh5 44. Ke3 Kc6 45. f4 exf4+ 46. Kxf4 Kc5 47. Kg5 Kxc4 48. Kxh5 d5 49. Kg4
d4 50. Kf3 Kc3 51. Ke2 Kc2 52. a5 d3+ 53. Ke3 d2 54. Kd4 d1=Q+ 55. Kc5 Qd3
56. Kb6 Qb5+ 57. Ka7 Kc3 58. Ka8 Kc4 59. Ka7 Kc5 60. Ka8 Kc6 61. Ka7 Qb7# {
White checkmated } 0-1

[Event "ICC tourney 2514 (60 10)"]
[Site "Internet Chess Club"]
[Date "2021.04.18"]
[Round "4"]
[White "KUMAR, SANNAH:Sannahk"]
[Black "PRASAD, AMIT:CobaltGame"]
[Result "0-1"]
[ICCResult "White checkmated"]
[WhiteElo "1198"]
[BlackElo "1358"]
[Opening "Giuoco Piano"]
[ECO "C53"]
[NIC "IG.02"]
[Time "10:01:28"]
[PlyCount "152"]
[TimeControl "3600+10"]

1. e4 e5 2. Nf3 Nc6 3. Bc4 Bc5 4. c3 d6 5. a4 a6 6. d3 Bg4 7. O-O h6 8.
Nbd2 Nf6 9. Re1 O-O 10. Nf1 Qe7 11. Ng3 Rad8 12. h3 Be6 13. Ba2 Bxa2 14.
Rxa2 Qe6 15. Ra1 d5 16. exd5 Qxd5 17. Be3 Bxe3 18. Rxe3 Rfe8 19. Qc2 Qc5
20. Ne4 Nxe4 21. Rxe4 Nd4 22. Nxd4 exd4 23. Rae1 Rxe4 24. Rxe4 Qc6 25. Kh1
dxc3 26. bxc3 Qd5 27. Rd4 Qg5 28. Rxd8+ Qxd8 29. d4 Qd7 30. Kg1 Qc6 31. Qb3
b5 32. axb5 axb5 33. Kf1 Kf8 34. Qb4+ Ke8 35. Qb2 Qa6 36. Qe2+ Kd8 37. g3
Qc6 38. Qb2 Kd7 39. h4 f6 40. Kg1 g5 41. hxg5 fxg5 42. Qc2 Qe6 43. Qh7+ Kd6
44. Qb1 Kc6 45. Qc1 Qc4 46. Qe3 Kb6 47. Kg2 Qd5+ 48. Qf3 Kc6 49. g4 Kd6 50.
Kg3 Qxf3+ 51. Kxf3 Kd5 52. Ke3 Kc4 53. Kd2 b4 54. cxb4 Kxd4 55. f3 Kc4 56.
b5 Kxb5 57. Ke3 c5 58. Kd3 Kb4 59. Kc2 Kc4 60. Kc1 Kd3 61. Kd1 c4 62. Kc1
Kc3 63. Kd1 Kb2 64. Kd2 c3+ 65. Ke3 c2 66. Ke4 c1=Q 67. Kf5 Qf4+ 68. Kg6
Qxf3 69. Kxh6 Qxg4 70. Kh7 Qf4 71. Kh6 g4+ 72. Kh5 g3 73. Kg6 g2 74. Kh5
Qg3 75. Kh6 g1=Q 76. Kh7 Q3h2# { White checkmated } 0-1